woodfighter, neutral male scurrid Tourist ------------------------ ---- |.%(.|......|..........| ..| |....|......|.--------.| .| ||...|--|----%|.%%%[%|.| +- .- |.(%%|....<...|.=[[![|.| . . |%%|.-...}}...+.!?%)?|.| .- ^- |-----.......%--------.-----.| -.| 1 --- |.................%.....*....| |.| .| |-----....%---------------...---+--- | |.------------+-------- .| |....-...%.+ |...........| ---------........................| |....|[...^| |)----------- |.........---------.------------.| |....|..%..|---------- |.|.. |--------.|%%%%$%.|.-......| |.| |...(|...[.-.........| |.|. |.......|.|%%%$%%.|.| .....| |.| |--------..|.........|----.-|-------------------|--.|%$%$$$.-.|----------|.| |.......-..-----------.........|.........|..........|%$%%%%%|.|.......%).|.| |.......|...... ---|---.|.........|.-----|-----------|.|......(()@|.| ----------+----+ |.|.........|.|........| |....%-.|......+.))%.| |.-----|-----.---------- |.....|.------------.| |........................|.....|........[.....| ----------------------------------------------- woodfighter the Traveler Experience level: 14 Strength: 15 Dexterity: 18 Constitution: 14 Intelligence: 13 Wisdom: 8 Charisma: 17 Health: 104(104) Energy: 37(37) Def: 24 Gold: 0 Moves: 21014 Dungeon seed: Jdnw_xBHTSAJUuKS Game ID: woodfighter_1520183541 Your Inventory: Amulets o - a cursed amulet of restful sleep P - an uncursed thoroughly rusty amulet of reflection (being worn) Weapons t - 50 blessed +5 darts (in quiver) A - the +0 Giantslayer I - a blessed +11 spear named Due Process (weapon in paw) Armor e - a blessed +3 pair of speed boots (being worn) r - an uncursed +0 elven mithril-coat (being worn) x - an uncursed +0 Hawaiian shirt z - an uncursed +0 helmet (being worn) D - an uncursed +0 pair of water walking boots G - an uncursed burnt +0 cloak of displacement (being worn) N - an uncursed +0 pair of leather gloves (being worn) Q - an uncursed +0 elven shield (being worn) Comestibles b - 2 uncursed sprigs of wolfsbane v - an uncursed K-ration E - 7 uncursed C-rations J - 3 uncursed food rations Rings C - an uncursed very rusty ring of teleport control (on left paw) R - an uncursed ring of free action (on right paw) Tools q - a -1 unicorn horn s - an uncursed oilskin sack w - an uncursed magic whistle y - an uncursed skeleton key O - an uncursed oil lamp (0:845) W - an uncursed towel Y - the blessed greased Orb of Fate (0:16) Gems n - a blessed luckstone Contents of the oilskin sack: a [cursed] scroll of confuse monster a [uncursed] scroll of destroy armor a [uncursed] scroll of enchant weapon a [uncursed] scroll of fire 3 [uncursed] scrolls of identify a [uncursed] scroll of light a [uncursed] scroll of magic mapping 3 [uncursed] scrolls of teleportation a [cursed] scroll of teleportation a [uncursed] potion of blindness a [uncursed] potion of booze 2 [uncursed] potions of extra healing a [uncursed] potion of full healing a [cursed] potion of hallucination a [uncursed] potion of hallucination a [blessed] potion of healing a [uncursed] potion of oil a [uncursed] potion of polymorph a [uncursed] potion of speed a [cursed] [-3] ring of gain constitution a [cursed] ring of teleportation a wand of digging (0:4) a very rusty wand of fire (0:3) a [uncursed] wand of lightning [0:6] a [uncursed] wand of lightning [0:3] a [uncursed] wand of make invisible [0:6] a [uncursed] wand of slow monster [0:6] a [uncursed] wand of slow monster [0:4] a [uncursed] wand of slow monster [0:4] a [uncursed] wand of striking [0:2] a wand of teleportation (0:2) a [uncursed] wand of teleportation [0:7] an uncursed [+0] unicorn horn Spells and supernatural/magical abilities: Name Level Category Fail Memory s - slow monster 1 enchantment 100% 56% H - haste self 3 escape 100% 81% W - pray for help -- divine ? -- Your skills at the end: Miscellaneous Skills shield [Skilled] wands [Basic] stealth [Expert] Weapon Skills spear [Basic] dart [Expert] Spellcasting Skills Final Attributes: You were piously aligned. You were fire resistant. You were cold resistant. You were sleep resistant. You were shock resistant. You were poison resistant. Your writing paw was ok. You saw invisible. You were telepathic. You were warned. You had automatic searching. You had infravision. You were invisible to others. You were displaced. You were stealthy. You had teleport control. You were protected. You were very fast. You had reflection. You had free action. You were extremely lucky. You had extra luck. Good luck did not time out for you. You are dead. Vanquished creatures: Croesus a young silver dragon 2 young white dragons a young orange dragon 2 titanotheres 2 vampire lords a clay golem 2 nurses a lurker above an Aleax 2 frost giants a black pudding 7 ghosts an ettin 4 lieutenants 2 queen bees a winged gargoyle a mind flayer 3 giant mimics 2 fire giants 4 ogre kings 9 rock trolls a flesh golem 2 large mimics 2 long worms a stalker an air elemental 2 hill giants 3 black nagas an elf-lord 14 sergeants a vrock a winter wolf a quantum mechanic a small mimic an island nymph a glass piercer 3 warhorses 2 xans an ettin mummy 3 trolls 2 sasquatches a large dog 3 flaming spheres a gargoyle 2 dwarf kings 3 tengu a gelatinous cube an ochre jelly 5 crocodiles 4 chameleons 2 leocrottas a mountain centaur 7 giants an elf mummy a human mummy 2 red nagas 4 Grey-elves a pit viper a python a cobra 15 wraiths 2 ettin zombies a leather golem 96 soldiers a succubus 2 cockatrices 5 wolves 2 winter wolf cubs a lynx 2 panthers 6 leprechauns 2 quivering blobs 3 orc-captains 2 mumakil 57 giant spiders a scorpion an iron piercer 2 horses 2 vampire bats 19 forest centaurs 5 gnome kings 2 orc mummies 7 Green-elves a rust monster 6 owlbears 2 yetis a werewolf 6 piranhas a giant eel 10 guides 3 chickatrices a dog a dingo 2 housecats 5 jaguars 4 dwarf lords 5 blue jellies a water nymph a white unicorn a black unicorn 3 dust vortices 2 ravens 6 plains centaurs a gnome mummy 14 Woodland-elves 3 snakes an ape 7 human zombies 6 soldier ants 6 yellow lights 41 bugbears 3 imps a baby crocodile 2 wood nymphs 20 Mordor orcs 5 Uruk-hai 15 orc shamans 4 rock piercers 2 ponies 3 fog clouds a shrieker 4 violet fungi 12 gnome lords 7 gnomish wizards a kobold mummy a guardian naga hatchling a gray ooze 12 elf zombies 7 ghouls a straw golem a paper golem 2 giant ants 9 floating eyes a kitten 17 dwarves 2 homunculi 4 kobold lords 6 kobold shamans 4 iguanas 30 hill orcs 15 rothes 3 rabid rats 3 centipedes 7 jitterbugs 5 giant bats a monkey 12 orc zombies 9 dwarf zombies 2 wererats 5 werejackals 45 killer bees 8 coyotes 4 gas spores 7 hobbits 3 large kobolds 7 geckos 37 hobgoblins 8 giant rats 12 cave spiders a brown mold 4 yellow molds a red mold 53 gnomes 8 garter snakes 4 gnome zombies 12 jackals 3 foxes 2 kobolds 8 newts 14 goblins 3 sewer rats 17 grid bugs 9 lichens 11 kobold zombies 1035 creatures vanquished. Genocided or extinct species: island nymphs soldiers (extinct) 1 species genocided. 1 species extinct. Voluntary challenges: You did not cause conflict. You had been an atheist until turn 1975. You used a wielded weapon 665 times, starting on turn 15355. You did not use plumbed fixtures. You read items or engraved 24 times, starting on turn 1974. You genocided 1 type of monster, starting on turn 13235. You never polymorphed an object. You never changed form. You completed Sokoban on turn 3804, according to the rules. You used 1 wish, starting on turn 13241. You wished for your your first artifact on turn 13241. You never split a pudding. You never wrote Elbereth's name. You violated your moral code, losing 3 points of alignment, starting on turn 4494. Dungeon overview: The Dungeons of Doom: levels 1 to 22 Level 1 a long staircase Level 2 a fountain Level 3 stairs to The Gnomish Mines Level 4 Level 5 many fountains Level 6 a fountain stairs to Sokoban Level 7 (vault) a fountain Level 8 a fountain Level 9 a temple to Offler, some fountains Level 10 a fountain Level 11 a fountain Level 12 (quest) some fountains portal to The Quest Level 13 ( ) a temple to Offler, a fountain portal to Fort Ludios Level 14 Level 15 (vault) a fountain Level 16 a fountain Level 17 (rogue) Level 18 an altar to The Lady Level 19 Level 20 an altar to The Lady Level 21 Level 22 (medusa) The Gnomish Mines: levels 4 to 12 Level 4 stairs to The Dungeons of Doom Level 5 Level 6 many shops, a temple to The Lady, a magic chest, some fountains Level 7 Level 8 Level 9 Level 10 Level 11 Level 12 many altars to Moloch, a magic chest, some fountains The Quest: levels 1 to 3 Level 1 a magic chest, a throne portal to The Dungeons of Doom Level 2 Level 3 (saddle) <- You were here a general store Sokoban: levels 2 to 5 Level 2 a magic chest Level 3 Level 4 Level 5 an altar to Blind Io, a magic chest stairs to The Dungeons of Doom Fort Ludios: Level 1 a magic chest, a throne portal to The Dungeons of Doom History has recorded: On T:1 you entered the Dungeons of Doom to retrieve the Amulet of Yendor! On T:55 you reached level 2 of The Dungeons of Doom. On T:394 you reached level 3 of The Dungeons of Doom. On T:557 you advanced to experience level 2. On T:637 you reached level 4 of The Dungeons of Doom. On T:781 you advanced to experience level 3. On T:833 you reached level 1 of The Gnomish Mines. On T:1051 you reached level 5 of The Dungeons of Doom. On T:1123 you advanced to experience level 4. On T:1389 you reached level 6 of The Dungeons of Doom. On T:1485 you advanced to experience level 5. On T:1831 you advanced to experience level 6. On T:1865 you reached level 4 of Sokoban. On T:1972 you opened a magic chest. On T:2229 you reached level 3 of Sokoban. On T:2610 you reached level 2 of Sokoban. On T:3305 you reached level 1 of Sokoban. On T:3804 you advanced to experience level 7. On T:3804 you entered the Sokoban zoo. On T:4392 you reached level 2 of The Gnomish Mines. On T:4540 you reached level 3 of The Gnomish Mines. On T:4914 you entered the Minetown temple On T:5071 you reached level 4 of The Gnomish Mines. On T:5195 you prayed to The Lady. On T:5266 you advanced to experience level 8. On T:5307 you reached level 5 of The Gnomish Mines. On T:5790 you reached level 6 of The Gnomish Mines. On T:6054 you reached level 7 of The Gnomish Mines. On T:6196 you advanced to experience level 9. On T:6804 you reached level 8 of The Gnomish Mines. On T:6876 you reached level 9 of The Gnomish Mines. On T:6876 you reached the bottom of the Mines. On T:7930 you reached level 7 of The Dungeons of Doom. On T:8170 you reached level 8 of The Dungeons of Doom. On T:8205 you reached level 9 of The Dungeons of Doom. On T:8761 you reached level 10 of The Dungeons of Doom. On T:8846 you advanced to experience level 10. On T:8909 you reached level 11 of The Dungeons of Doom. On T:9094 you reached level 12 of The Dungeons of Doom. On T:9318 you reached level 13 of The Dungeons of Doom. On T:9727 you advanced to experience level 11. On T:10025 you reached level 14 of The Dungeons of Doom. On T:10064 you reached Fort Ludios. On T:10181 you reached level 15 of The Dungeons of Doom. On T:10292 you reached level 16 of The Dungeons of Doom. On T:10996 you reached level 17 of The Dungeons of Doom. On T:10996 you entered the Rogue tribute level. On T:11211 you reached level 18 of The Dungeons of Doom. On T:12031 you reached level 19 of The Dungeons of Doom. On T:12065 you received a spellbook of slow monster from The Lady. On T:12079 you reached level 20 of The Dungeons of Doom. On T:12080 you reached level 21 of The Dungeons of Doom. On T:12739 you prayed to The Lady. On T:13241 you wished for "blessed fixed greased the orb of fate". On T:14113 you advanced to experience level 12. On T:14162 you reached level 22 of The Dungeons of Doom. On T:14898 you advanced to experience level 13. On T:16116 you killed Croesus in Fort Ludios. On T:16992 you prayed to The Lady. On T:17096 you prayed to The Lady. On T:17284 you advanced to experience level 14. On T:17401 you reached level 1 of The Quest. On T:17958 you prayed to The Lady. On T:18955 you prayed to The Lady. On T:20200 you prayed to The Lady. On T:20324 you embarked upon an epic quest. On T:20326 you reached level 2 of The Quest. On T:20503 you reached level 3 of The Quest. Score breakdown: Gold: 0 ( 0 points) Experience: 14 levels ( 1300 points) Exploration: 22 levels ( 630 points) Discoveries: 77 items ( 2000 points) Variety of kills: 175 monsters ( 2000 points) Major goal: Sokoban/Mines ( 1500 points) Survival: died (score multiplied by 3) Total score: 22290 Latest messages: Your cloak smoulders! You kill the soldier! (2x) You jab the soldier. You kill the soldier! You jab the soldier. The soldier bumps right into you! You jab the soldier. You kill the soldier! You jab the soldier. (2x) The soldier misses. You kill the soldier! Nothing seems to happen. You can see again. E - 6 C-rations. You rebalance your load. Movement is difficult. There is a broken door here. There are several objects here. You hear a door open. There are many objects here. (2x) You jab the soldier! (2x) The soldier zaps a forked wand! The death ray hits you! But it is disrupted by your medallion! The soldier is caught in the death field! The soldier is killed! Final status: Aloha woodfighter the Tourist, killed by a death field... You died in The Quest on dungeon level 3 with 22290 points, and 0 pieces of gold, after 21014 moves. You were level 14 with a maximum of 104 hit points when you died.